 Dungeon Crawl Stone Soup version 0.20.1-1-g8b1a95d (webtiles) character file.

4290 Mesmaeker13 the Geomancer (level 10, 0/50 HPs)
             Began as a Gargoyle Earth Elementalist on July 16, 2017.
             Was a Believer of Vehumet.
             Slain by a yak (7 damage)
             ... on level 8 of the Dungeon.
             The game lasted 00:18:25 (7687 turns).

Mesmaeker13 the Geomancer (GrEE)                    Turns: 7687, Time: 00:18:25

Health: 0/50       AC: 12    Str: 11    XL:     10   Next: 32%
Magic:  3/19       EV: 14    Int: 20    God:    Vehumet [**....]
Gold:   424        SH:  0    Dex: 10    Spells: 10/21 levels left

rFire    . . .     SeeInvis +   l - +2 mace (venom)
rCold    + . .     Gourm    .   (no shield)
rNeg     + . .     Faith    .   c - +0 robe
rPois    ∞         Spirit   .   K - +0 helmet (curse)
rElec    +         Reflect  .   Q - +0 cloak
rCorr    .         Harm     .   (no gloves)
MR       .....                  D - +0 pair of boots
Stlth    ++........             (no amulet)
Regen    0.2/turn               s - ring of see invisible
MPRegen  0.2/turn               r - ring of protection from cold

@: no status effects
A: negative energy resistance 1, electricity resistance, unbreathing,
petrification resistance, rot immunity, AC +7
a: Renounce Religion


You were on level 8 of the Dungeon.
You worshipped Vehumet.
Vehumet was pleased with you.
You were hungry.

You visited 2 branches of the dungeon, and saw 10 of its levels.

You collected 424 gold pieces.

Inventory:

Hand Weapons
 l - a +2 mace of venom (weapon)
 x - a +1 dagger of venom
Missiles
 b - 66 stones
 o - 2 poisoned javelins (quivered)
 u - 28 poisoned needles
Armour
 c - a +0 robe (worn)
 D - a +0 pair of boots (worn)
 K - a cursed +0 helmet (worn)
 Q - a +0 cloak (worn)
Magical Staves
 O - an uncursed staff of poison
Jewellery
 n - an uncursed ring of positive energy
 r - a ring of protection from cold (right hand)
 s - a ring of see invisible (left hand)
 B - an uncursed amulet of guardian spirit
 G - an uncursed amulet of magic regeneration {unknown}
 L - a +3 ring of dexterity {unknown}
 N - a cursed -3 ring of evasion {unknown}
Scrolls
 f - 5 scrolls of teleportation
 g - a scroll of enchant armour
 i - a scroll of recharging
 p - 2 scrolls of amnesia
 q - 3 scrolls of remove curse
 v - a scroll of fog
 w - 2 scrolls of enchant weapon {unknown}
 y - a scroll of immolation {unknown}
 z - 2 scrolls of fear {unknown}
 C - a scroll of blinking {unknown}
Potions
 a - a potion of resistance {unknown}
 h - 2 potions of mutation
 j - 2 potions of brilliance
 A - 2 potions of curing
 I - a potion of degeneration {unknown}
 J - a potion of flight {unknown}
Books
 e - a book of Geomancy

   Spells                             Type                      Level
   a - Sandblast                      Earth                        1
   b - Passwall                       Transmutation/Earth          2
   c - Stone Arrow                    Conjuration/Earth            3
   d - Petrify                        Transmutation/Earth          4
   e - Lee's Rapid Deconstruction     Earth                        5
 E - a book of Conjurations

   Spells                             Type                      Level
   a - Magic Dart                     Conjuration                  1
   b - Searing Ray                    Conjuration                  2
   c - Dazzling Spray                 Conjuration/Hexes            3
   d - Fulminant Prism                Conjuration/Hexes            4
   e - Force Lance                    Conjuration/Translocation    4
   f - Iskenderun's Mystic Blast      Conjuration                  4
 F - a book of Callings

   Spells                             Type                      Level
   a - Summon Small Mammal            Summoning                    1
   b - Call Imp                       Summoning                    2
   c - Call Canine Familiar           Summoning                    3
   d - Summon Guardian Golem          Hexes/Summoning              3
   e - Summon Lightning Spire         Summoning/Air                4
   f - Summon Ice Beast               Ice/Summoning                4
 H - a book of Cantrips

   Spells                             Type                      Level
   a - Confusing Touch                Hexes                        1
   b - Animate Skeleton               Necromancy                   1
   c - Summon Small Mammal            Summoning                    1
   d - Apportation                    Translocation                1
Comestibles
 d - 6 bread rations
 k - 2 meat rations
 m - 2 royal jellies
 t - 7 fruits
 M - 6 chunks of flesh


   Skills:
 + Level 3.0 Armour
 - Level 6.2 Dodging
 - Level 2.1 Stealth
 - Level 6.2 Spellcasting
 - Level 6.3 Conjurations
 + Level 3.3 Transmutations
 + Level 9.9 Earth Magic


You had 10 spell levels left.
You knew the following spells:

 Your Spells              Type           Power        Failure   Level  Hunger
a - Sandblast             Erth           #####.       1%          1    None
b - Stone Arrow           Conj/Erth      #####.       1%          3    ##.....
c - Passwall              Tmut/Erth      ####......   1%          2    None
d - Lee's Rapid Deconstr  Erth           #####.....   4%          5    #####..


Dungeon Overview and Level Annotations

Branches:
Dungeon (9/15)             Temple (1/1) D:5
   Lair: D:8-11         Orc: D:9-12

Altars:
Ashenzari
Cheibriados
Dithmenos
Elyvilon
Fedhas
Gozag
Kikubaaqudgha
Makhleb
Okawaru
Ru
Sif Muna
Trog
Uskayaw
Vehumet
Xom
Yredelemnul
Zin
The Shining One

Annotations:
D:3 Ladykiller69's ghost, amateur VSGl


Innate Abilities, Weirdness & Mutations

You are resistant to torment.
Your stone body is resilient. (AC +7)
You are immune to poison.
You resist negative energy. (rN+)
You are resistant to electric shocks. (rElec)
You can survive without breathing.
You are immune to petrification.
You are immune to rotting.


Message History

Press: ? - help, Shift-Dir - straight line, f/p - yak
Aim: a yak (moderately wounded)
The stone arrow misses the yak.
The yak gores you!
Casting: Stone Arrow
Confirm with . or Enter, or press ? or * to list all spells.
Aiming: Stone Arrow
Press: ? - help, Shift-Dir - straight line, f/p - yak
Aim: a yak (moderately wounded)
The stone arrow hits the yak.
The yak is severely wounded.
The yak gores you!
* * * LOW HITPOINT WARNING * * *
The yak gores you!
* * * LOW HITPOINT WARNING * * *
Okay, then.
Okay, then.
Unknown command.
Unknown command.
It was a potion of curing.
You feel better. The yak gores you!
You die...

................#
#..........#..#
................#
#..........##..
................#
#..........###.
................#
#####.####.# #.
#..............## #.# #.####
##.?..........##
#####.####.....
#........#####
#........>.####
#>.....[.#########.###.####.#
#........).....@Y..# #.# #..#
#........########### #.# #.##
#........# #.###.# #........#
#[##..# ########## #.#..##
#.#.## #...# #####


You could see a yak.

Vanquished Creatures
  A two-headed ogre (D:7)
  Pikel (D:7)
  Prince Ribbit (D:6)
  A hippogriff (D:6)
  3 yaks (D:9)
  A water moccasin (D:6)
  2 orc warriors
  An ice beast (D:5)
  3 slaves (D:7)
  4 ogres
  2 phantoms
  Blork the orc (D:4)
  2 bullfrogs
  2 scorpions
  2 howler monkeys
  2 crimson imps (D:6)
  2 jellies (D:6)
  7 hounds
  4 orc priests
  A gnoll shaman (D:4)
  A bullfrog skeleton (D:4)
  4 orc wizards
  An iguana (D:7)
  8 worker ants
  3 hound skeletons
  4 adders
  7 gnolls
  2 shadow imps
  An adder skeleton (D:5)
  An adder zombie (D:8)
  A dart slug (D:1)
  4 worms
  7 leopard geckos
  26 orcs
  6 bats
  4 giant cockroaches
  3 goblins
  4 hobgoblins
  12 jackals
  A ball python (D:2)
  9 frilled lizards
  A giant cockroach zombie (D:5)
  7 kobolds
  9 rats
169 creatures vanquished.

Notes
Turn   | Place    | Note
-------+----------+-------------------------------------------
     0 | D:1      | Mesmaeker13 the Gargoyle Earth Elementalist began the quest for the Orb.
     0 | D:1      | Reached XP level 1. HP: 10/10 MP: 3/3
    95 | D:1      | Reached XP level 2. HP: 14/15 MP: 3/5
  1094 | D:1      | Reached XP level 3. HP: 19/19 MP: 3/6
  1536 | D:2      | Reached skill level 4 in Earth Magic
  1685 | D:2      | Reached XP level 4. HP: 18/24 MP: 4/8
  2054 | D:3      | Learned a level 3 spell: Stone Arrow
  2305 | D:3      | Reached XP level 5. HP: 28/28 MP: 9/9
  2316 | D:3      | Noticed Ladykiller69's ghost (amateur VSGl)
  2360 | D:3      | Found an iron altar of Okawaru.
  2432 | D:3      | Found a burning altar of Makhleb.
  2886 | D:4      | Reached skill level 1 in Conjurations
  2993 | D:4      | Noticed Blork the orc
  3000 | D:4      | Killed Blork the orc
  3000 | D:4      | Reached skill level 5 in Earth Magic
  3000 | D:4      | Reached XP level 6. HP: 32/32 MP: 2/11
  3544 | D:4      | Reached XP level 7. HP: 36/36 MP: 5/12
  3548 | D:4      | Learned a level 2 spell: Passwall
  4122 | D:4      | Reached skill level 6 in Earth Magic
  4129 | D:5      | Entered Level 5 of the Dungeon
  4438 | D:5      | Reached XP level 8. HP: 40/41 MP: 8/15
  4499 | D:5      | Noticed a dagger
  4500 | D:5      | Noticed a hand axe
  4503 | D:5      | Found a hide-covered altar of Uskayaw.
  4575 | D:5      | Found a staircase to the Ecumenical Temple.
  4581 | Temple   | Entered the Ecumenical Temple
  4793 | Temple   | Became a worshipper of Vehumet
  5300 | D:5      | Learned a level 5 spell: Lee's Rapid Deconstruction
  5383 | D:6      | Reached skill level 5 in Spellcasting
  5383 | D:6      | Reached skill level 7 in Earth Magic
  5682 | D:6      | Reached skill level 5 in Conjurations
  5708 | D:6      | Reached skill level 5 in Dodging
  5719 | D:6      | Reached XP level 9. HP: 43/45 MP: 10/17
  5781 | D:6      | Reached * piety under Vehumet
  5781 | D:6      | Offered knowledge of Shock by Vehumet.
  6147 | D:7      | Noticed Prince Ribbit
  6193 | D:6      | Reached skill level 8 in Earth Magic
  6197 | D:6      | Killed Prince Ribbit
  6312 | D:7      | Noticed Pikel
  6446 | D:7      | Killed Pikel
  6553 | D:7      | Noticed a two-headed ogre
  6578 | D:7      | Killed a two-headed ogre
  6578 | D:7      | Reached skill level 9 in Earth Magic
  6578 | D:7      | Reached XP level 10. HP: 32/50 MP: 10/19
  7023 | D:7      | Reached skill level 1 in Armour
  7668 | D:9      | Reached ** piety under Vehumet
  7668 | D:9      | Offered knowledge of Throw Flame by Vehumet.
  7684 | D:8      | HP: 2/50 [yak (11)]
  7687 | D:8      | Slain by a yak

Skill      XL: |  1  2  3  4  5  6  7  8  9 10 |
---------------+-------------------------------+-----
Dodging        | 2 3 4 5 6 |  6.2
Earth Magic    | 4 5 6 7 9 |  9.9
Spellcasting   | 3 4 5 6 |  6.2
Conjurations   | 1 2 3 5 6 |  6.3
Transmutations | 2 3 |  3.3
Armour         | 3 |  3.0
Stealth        | |  2.1

Action                   |  1- 3 |  4- 6 |  7- 9 | 10-12 || total
-------------------------+-------+-------+-------+-------++-------
Melee: Dagger            |   137 |    19 |       |       ||   156
       Mace              |       |    84 |   122 |    70 ||   276
Throw: Javelin           |       |       |     7 |       ||     7
       Stone             |       |       |     1 |       ||     1
 Cast: Sandblast         |    23 |    22 |    78 |    10 ||   133
       Stone Arrow       |       |     4 |    24 |    14 ||    42
       Lee's Rapid Decon |       |       |       |     4 ||     4
  Use: Scroll            |       |     6 |     8 |       ||    14
       Potion            |       |     1 |       |     1 ||     2
 Stab: Sleeping          |     1 |     1 |     1 |     1 ||     4
  Eat: Chunk             |     3 |     6 |    11 |     4 ||    24
Armor: Robe              |    42 |    78 |    47 |    32 ||   199
Dodge: Dodged            |    90 |   140 |   115 |    82 ||   427
